Map: [ESL] Hardwire

Players

HeroMarine

  • Race: Terran Terran

Zoun - Winner!

  • Race: Protoss Protoss

Event: IEM Katowice 2022

VOD

Have the link to the VOD?

Description

Time

  • Played on: Feb. 26, 2022, 6:37 a.m.
  • Length: 18:06

All games in this series

Show
View Real Time Build Order
Export as new Build Order

HeroMarine Terran 

Build Orders:  

Get SALT Encoding   

  12  0:00  SCV  
  13  0:12  SCV  
  14  0:17  Supply Depot  
  14  0:24  SCV  
  15  0:38  SCV  
  15  0:40  Barracks  
  16  0:43  Refinery  
  16  0:50  SCV  
  17  1:02  SCV  
  18  1:15  SCV  
  19  1:26  Marine  
  19  1:27  Orbital Command  
  20  1:42  Command Center  
  20  1:45  Barracks Reactor  
  20  1:53  Supply Depot  
  20  1:56  SCV  
  21  2:07  Factory  
  21  2:08  SCV  
  22  2:15  Refinery  
  22  2:20  SCV  
  22  2:21  Marine x2  
  25  2:32  SCV  
  26  2:38  Marine  
  26  2:39  Marine  
  28  2:44  SCV  
  28  2:51  Widow Mine, Starport  
  31  2:56  SCV  
  31  2:58  Orbital Command  
  32  3:01  Marine  
  32  3:04  Marine  
  34  3:08  SCV  
  34  3:12  Widow Mine  
  37  3:15  Orbital Command  
  37  3:20  Supply Depot, SCV  
  37  3:22  Marine  
  37  3:23  Marine  
  40  3:29  Medivac  
  40  3:33  SCV  
  43  3:35  Factory Tech Lab  
  43  3:40  Marine  
  43  3:41  Marine  
  44  3:43  SCV  
  44  3:45  SCV  
  44  3:47  Supply Depot  
  47  3:56  SCV  
  47  3:57  SCV  
  47  3:58  Siege Tank  
  47  3:59  Marine x2  
  54  4:07  Supply Depot  
  54  4:09  SCV x2  
  56  4:12  Starport Tech Lab  
  56  4:14  Bunker  
  56  4:16  Marine  
  57  4:18  Marine  
  57  4:21  SCV x2  
  60  4:30  Siege Tank  
  63  4:32  Barracks  
  63  4:39  Raven  
  63  4:40  SCV x2  
  63  4:43  Marine  
  68  4:50  Engineering Bay  
  68  4:52  SCV x2  
  69  5:01  Supply Depot  
  69  5:02  Barracks  
  69  5:04  SCV  
  70  5:09  SCV  
  70  5:12  Refinery  
  70  5:13  Marine  
  70  5:14  Marine  
  73  5:16  SCV, Terran Infantry Weapons Level 1  
  74  5:21  SCV  
  74  5:23  Supply Depot  
  74  5:25  Stimpack, Marine  
  76  5:28  SCV  
  76  5:29  Starport Reactor  
  76  5:33  SCV, Refinery  
  76  5:35  Marine x2  
  80  5:40  SCV  
  81  5:43  Marine  
  81  5:45  SCV  
  81  5:49  Factory Reactor  
  79  5:53  Marine x2  
  79  5:54  Supply Depot  
  79  5:55  Combat Shield  
  79  5:56  Marauder  
  83  6:06  Marauder, Command Center  
  83  6:07  Medivac  
  83  6:10  Marine  
  83  6:11  Marine  
  89  6:13  Medivac  
  89  6:18  Supply Depot  
  91  6:19  Supply Depot  
  91  6:23  Marauder  
  91  6:25  Widow Mine  
  95  6:26  Widow Mine  
  95  6:28  Marauder  
  99  6:33  Marine x2  
  99  6:37  SCV  
  99  6:39  SCV  
  103  6:45  Medivac x2  
  106  6:47  Marauder  
  106  6:50  Barracks  
  106  6:51  Marauder  
  106  6:52  Barracks  
  108  6:55  Marine  
  108  6:56  Marine  
  108  6:59  Widow Mine x2  
  108  7:01  SCV x2  
  116  7:05  Supply Depot, Concussive Shells  
  118  7:08  Marauder  
  118  7:14  Marauder  
  110  7:19  SCV x2  
  110  7:20  Marine x2  
  110  7:21  Widow Mine x2  
  116  7:25  Medivac  
  116  7:27  Medivac  
  120  7:30  Marauder  
  120  7:31  SCV  
  120  7:35  Marauder  
  123  7:38  Marine x2  
  107  7:51  Marauder  
  107  7:52  Widow Mine x2  
  107  7:54  Marine x2  
  113  8:00  Marauder  
  113  8:02  Marine x2  
  113  8:05  Terran Infantry Armor Level 1  
  117  8:12  Marauder  
  123  8:21  Marauder  
  123  8:23  Marine x2  
  123  8:26  Barracks Reactor, Barracks Tech Lab  
  125  8:27  Orbital Command  
  125  8:28  SCV x2  
  125  8:32  Factory Tech Lab  
  125  8:33  Medivac x2  
  125  8:34  Marauder  
  129  8:40  SCV  
  129  8:41  Marine x2  
  131  8:43  Marauder  
  131  8:44  Supply Depot  
  131  8:45  Supply Depot  
  131  8:46  Orbital Command  
  135  8:48  SCV  
  135  8:49  Armory  
  135  8:53  Marauder  
  135  8:55  Marauder  
  139  8:59  Marine  
  139  9:00  SCV  
  139  9:01  SCV  
  142  9:04  Marauder  
  142  9:05  Siege Tank  
  146  9:13  Marine x3  
  146  9:14  Marauder  
  146  9:16  Marauder  
  153  9:17  Viking  
  153  9:18  Viking  
  157  9:26  Marauder, Marine  
  149  9:31  Marine  
  149  9:34  SCV x2  
  149  9:35  SCV  
  149  9:36  Marauder  
  149  9:38  Marauder  
  144  9:40  Marine, Siege Tank  
  144  9:41  Marine  
  144  9:44  Marine  
  150  9:46  SCV  
  150  9:47  Marauder  
  150  9:49  Marine  
  153  9:57  Viking, Marauder  
  153  9:59  Marauder  
  156  10:00  Marine x2  
  156  10:01  Refinery  
  156  10:02  Refinery  
  158  10:07  Terran Infantry Weapons Level 2  
  158  10:08  Missile Turret, Marauder  
  158  10:14  Marine  
  161  10:18  Marauder  
  161  10:20  Viking  
  165  10:25  Supply Depot x2  
  165  10:27  Marauder  
  167  10:30  Marauder  
  167  10:31  Marine  
  167  10:34  Marine x2  
  172  10:40  Marauder  
  168  10:48  Marauder  
  162  10:51  Marauder  
  162  10:55  Marine  
  159  10:58  Marine  
  159  11:00  Medivac x2  
  159  11:01  Marauder  
  136  11:05  Marine  
  136  11:10  Marauder  
  130  11:11  Ghost Academy  
  130  11:12  Marine x2  
  130  11:13  Marauder, Command Center  
  130  11:15  Marine  
  135  11:23  Marauder, Marine  
  135  11:24  Sensor Tower  
  138  11:30  Marine, Medivac x2  
  138  11:31  Marauder  
  141  11:34  Marine x2, Marauder  
  141  11:35  Widow Mine  
  141  11:36  Widow Mine  
  146  11:44  Marauder  
  137  11:47  Marine  
  137  11:48  Marine  
  137  11:53  Marauder  
  141  11:57  Widow Mine x2  
  141  12:00  Marauder, Medivac x2  
  151  12:01  Marine x2  
  151  12:02  Enhanced Shockwaves  
  151  12:05  Missile Turret, Marine, Marauder  
  156  12:18  Marauder  
  156  12:21  Marine x2  
  156  12:22  Marauder  
  159  12:27  Widow Mine x2  
  163  12:30  Medivac x2  
  163  12:32  Marine x2  
  163  12:34  Ghost  
  171  12:38  Missile Turret, Ghost  
  171  12:39  Marine x2  
  169  12:44  Marine  
  169  12:50  Marine  
  164  12:58  Marine x2  
  164  12:59  Marine  
  164  13:00  Widow Mine x2, Medivac  
  164  13:02  Ghost x2  
  177  13:08  Marauder, Marine  
  178  13:16  Marine  
  178  13:19  Medivac  
  163  13:21  Widow Mine x2  
  163  13:25  Marine x2  
  148  13:27  Planetary Fortress  
  148  13:29  Marauder  
  148  13:31  Marauder  
  148  13:32  Marauder  
  129  13:35  Marine x2  
  129  13:43  Viking, Marine  
  131  13:49  Marine  
  131  13:50  Marauder  
  131  13:52  Marine, Marauder  
  131  13:53  Marine, Marauder  
  129  14:09  Viking  
  126  14:12  Marauder  
  126  14:13  Viking  
  126  14:14  Marauder x2  
  134  14:20  Marine  
  134  14:21  Missile Turret  
  134  14:23  Starport, Marine x2  
  131  14:30  Engineering Bay  
  131  14:33  Marauder, Terran Infantry Weapons Level 3  
  131  14:34  Ghost  
  131  14:36  Marauder  
  137  14:44  Viking x2  
  137  14:45  Marine x2  
  142  14:47  Marine  
  142  14:48  Marine  
  145  14:54  Ghost  
  145  14:57  Marine  
  145  14:59  Viking  
  150  15:02  Marine  
  150  15:03  Ghost  
  153  15:14  Marine  
  153  15:15  Marine x2, Marauder  
  153  15:20  Terran Infantry Armor Level 2, Marine  
  163  15:22  Marine  
  158  15:32  Marine x3, Marauder  
  157  15:36  Marauder  
  157  15:37  Medivac x3  
  157  15:38  Medivac  
  157  15:41  Marauder  
  167  15:42  Barracks  
  167  15:43  Barracks  
  167  15:44  Barracks  
  167  15:52  Marine x3  
  167  15:55  Marine  
  171  16:00  Ghost x2  
  171  16:01  Ghost  
  171  16:22  Marine x4  
  175  16:29  Marauder, Medivac x2  
  175  16:30  Marauder  
  175  16:31  Ghost, Marauder  
  187  16:34  Barracks Tech Lab  
  187  16:35  Refinery, Barracks Tech Lab  
  187  16:37  Refinery  
  187  16:40  Marine  
  186  16:51  Marine x2, Marauder x2  
  186  16:52  Marauder  
  186  16:55  Marauder  
  186  16:57  Marauder  
  186  17:00  Marauder  
  190  17:03  Marine x2  
  190  17:12  Marauder  
  190  17:13  Marauder  
  190  17:14  Marauder  
  190  17:15  Ghost, Medivac  
  187  17:18  Marauder  
  187  17:21  Marauder  
  195  17:27  Orbital Command  
  181  17:34  Marauder x2  
  181  17:35  Marauder  
  181  17:36  Marine  
  148  17:40  Marauder  
  126  17:44  Marauder  
  126  17:45  Marine x2  
  126  17:47  Marine x2  
Show
View Real Time Build Order
Export as new Build Order

Zoun Protoss - Winner!

Build Orders: 1 Gate Expand, Blink Stalkers 

Get SALT Encoding   

  12  0:00  Probe  
  13  0:12  Probe  
  14  0:17  Pylon  
  14  0:24  Probe (Chrono Boost)  
  15  0:36  Probe (Chrono Boost)  
  15  0:37  Gateway  
  16  0:44  Probe (Chrono Boost)  
  16  0:47  Assimilator  
  17  0:51  Probe  
  18  1:03  Probe  
  19  1:15  Probe  
  20  1:24  Cybernetics Core  
  20  1:35  Nexus  
  20  1:38  Probe  
  21  1:46  Pylon  
  21  1:50  Probe  
  21  1:52  Assimilator  
  22  2:01  Adept (Chrono Boost)  
  22  2:02  Probe  
  22  2:07  Warp Gate  
  25  2:14  Probe  
  26  2:20  Twilight Council  
  26  2:27  Stalker  
  28  2:32  Probe (Chrono Boost)  
  28  2:43  Gateway  
  29  2:44  Probe (Chrono Boost)  
  29  2:49  Blink (Chrono Boost)  
  30  2:51  Probe x2 (Chrono Boost)  
  31  3:00  Probe  
  32  3:06  Probe  
  32  3:12  Probe  
  34  3:14  Stalker  
  34  3:18  Probe  
  37  3:24  Probe  
  37  3:25  Robotics Facility  
  38  3:30  Probe  
  39  3:36  Probe  
  40  3:42  Probe  
  41  3:48  Probe  
  41  3:51  Shield Battery  
  41  3:52  Pylon  
  41  3:55  Stalker  
  45  3:57  Stalker  
  46  4:03  Pylon  
  46  4:10  Probe x2  
  46  4:11  Gateway  
  46  4:14  Observer  
  49  4:18  Stalker  
  49  4:22  Probe x2  
  53  4:33  Nexus  
  53  4:35  Probe  
  53  4:36  Pylon, Probe  
  55  4:39  Observer  
  55  4:40  Assimilator  
  54  4:49  Stalker  
  54  4:50  Stalker  
  57  4:54  Probe  
  57  4:55  Probe  
  59  5:01  Observer  
  59  5:05  Observer  
  59  5:06  Probe (Chrono Boost)  
  60  5:07  Robotics Bay  
  60  5:08  Assimilator  
  60  5:12  Stalker, Probe (Chrono Boost)  
  63  5:18  Probe (Chrono Boost)  
  64  5:23  Stalker, Probe (Chrono Boost)  
  64  5:26  Probe (Chrono Boost)  
  68  5:28  Probe (Chrono Boost)  
  68  5:30  Charge  
  68  5:32  Forge, Probe  
  70  5:36  Pylon  
  69  5:42  Probe  
  69  5:44  Probe  
  69  5:45  Probe  
  71  5:53  Disruptor (Chrono Boost)  
  71  5:55  Probe (Chrono Boost)  
  76  5:57  Probe (Chrono Boost)  
  76  5:59  Probe (Chrono Boost)  
  76  6:00  Observer  
  77  6:07  Probe (Chrono Boost)  
  77  6:09  Probe (Chrono Boost)  
  80  6:13  Probe (Chrono Boost)  
  80  6:14  Sentry, Probe (Chrono Boost), Observer  
  80  6:15  Gateway  
  80  6:16  Probe (Chrono Boost)  
  80  6:17  Gateway, Observer  
  84  6:22  Disruptor  
  87  6:27  Pylon  
  87  6:28  Pylon  
  87  6:31  Gateway  
  87  6:34  Gateway, Protoss Ground Weapons Level 1 (Chrono Boost)  
  87  6:36  Observer  
  87  6:44  Observer  
  87  6:45  Zealot x3  
  93  6:50  Pylon  
  93  6:53  Gateway  
  93  6:55  Probe x3  
  93  6:56  Templar Archives  
  96  7:04  Assimilator  
  96  7:05  Assimilator  
  96  7:07  Shield Battery, Probe x2  
  96  7:08  Pylon, Probe  
  98  7:17  Zealot x5  
  108  7:25  Zealot  
  108  7:29  Gateway  
  108  7:34  Zealot  
  110  7:39  Zealot x5  
  107  7:47  Zealot  
  102  8:05  Pylon  
  102  8:08  Pylon  
  102  8:09  Nexus  
  102  8:12  Pylon  
  102  8:15  Pylon  
  102  8:24  Observer  
  102  8:27  Nexus  
  102  8:31  Pylon  
  102  8:32  Colossus  
  102  8:33  Probe x2, Observer  
  110  8:37  Pylon  
  110  8:49  Probe x2  
  110  8:50  Pylon  
  110  8:51  Pylon  
  110  8:55  High Templar x4  
  116  8:56  Protoss Ground Weapons Level 2  
  116  9:00  Archon  
  116  9:01  Archon, Probe x2  
  122  9:10  Stalker x3  
  122  9:14  Probe x2  
  130  9:18  Photon Cannon  
  130  9:20  Observer  
  130  9:23  Zealot  
  131  9:26  Probe  
  127  9:33  Probe x2  
  127  9:34  Zealot  
  127  9:38  Probe  
  132  9:42  Probe  
  132  9:45  Probe (Chrono Boost), Observer  
  135  9:46  Probe (Chrono Boost)  
  135  9:47  Pylon  
  120  9:54  Probe (Chrono Boost)  
  120  9:55  Probe (Chrono Boost)  
  120  9:57  Probe (Chrono Boost), Observer  
  120  9:58  Probe (Chrono Boost)  
  124  10:03  Zealot x6  
  124  10:04  Probe (Chrono Boost)  
  137  10:16  Probe x2  
  137  10:20  High Templar x2  
  143  10:22  Shield Battery  
  143  10:25  Archon, Probe x2  
  143  10:26  Extended Thermal Lance  
  145  10:28  Probe x2  
  145  10:31  High Templar x3  
  145  10:32  High Templar  
  155  10:37  Probe x2  
  155  10:42  Zealot x2  
  147  10:53  Disruptor (Chrono Boost)  
  147  10:56  Observer  
  142  10:57  Zealot x2  
  120  11:07  Robotics Facility  
  114  11:13  Pylon, Nexus  
  114  11:16  Stalker x4  
  122  11:19  Zealot x2  
  122  11:21  Colossus (Chrono Boost)  
  132  11:28  Observer  
  130  11:43  Zealot x3  
  130  11:44  Zealot x4  
  130  11:45  Zealot  
  139  11:47  Shield Battery  
  137  11:56  Protoss Ground Weapons Level 3 (Chrono Boost)  
  129  12:04  Disruptor (Chrono Boost)  
  135  12:10  Disruptor (Chrono Boost), Observer  
  135  12:16  Nexus  
  131  12:24  Disruptor (Chrono Boost)  
  131  12:27  Pylon  
  131  12:29  High Templar x4  
  140  12:30  Zealot x3  
  140  12:33  Probe x2  
  140  12:34  Archon  
  140  12:35  Archon  
  140  12:48  Zealot  
  138  12:57  Stalker x3  
  135  13:03  Zealot x4  
  135  13:05  Disruptor x2  
  134  13:14  Zealot  
  113  13:21  Zealot  
  113  13:22  Zealot x2  
  97  13:27  Stalker  
  97  13:28  Zealot  
  97  13:30  Zealot x2  
  97  13:32  Shield Battery  
  97  13:38  Stalker  
  97  13:41  Disruptor x2 (Chrono Boost)  
  96  13:44  Probe x2  
  104  13:49  Stalker x3  
  110  13:57  Zealot  
  98  14:10  Probe x3  
  98  14:11  Probe  
  98  14:17  Observer (Chrono Boost)  
  103  14:23  High Templar x2  
  103  14:24  Zealot x6  
  109  14:26  Probe x3  
  109  14:28  Archon  
  109  14:31  Disruptor  
  122  14:37  Photon Cannon  
  125  14:50  Probe  
  126  14:56  Probe x3  
  127  15:07  Disruptor x2  
  127  15:10  Photon Cannon  
  133  15:17  Stalker x5  
  142  15:31  Probe x2  
  142  15:34  Nexus  
  144  15:42  Probe x2  
  146  15:43  Observer, Probe, Disruptor  
  147  15:50  High Templar x2, Zealot x3  
  147  15:53  Zealot  
  147  15:54  Archon  
  159  16:00  Probe x4  
  159  16:12  Probe  
  160  16:19  Disruptor x2  
  160  16:23  Zealot x4  
  160  16:24  Zealot x2  
  178  16:28  Probe x2  
  180  16:33  Pylon  
  180  16:34  Pylon  
  180  16:46  Probe  
  174  16:55  Zealot x6  
  174  16:56  Zealot x2  
  174  17:00  Disruptor x2  
  194  17:07  Probe x2, Assimilator  
  194  17:08  Assimilator  
  184  17:17  Zealot x3  
  154  17:45  Zealot  
  154  17:46  Zealot x7  

Tags
 
Add a new tag
Caveats
  • Supply blocks, unpowered buildings, or Contaminate may cause inaccurate times.
  • Supply counts are checked every 10 seconds.